 Dungeon Crawl Stone Soup version 0.22-a0-223-g0f5d773 (webtiles) character file.

298 ryw the Insei (level 6, -2/42 HPs)
             Began as an Octopode Transmuter on Feb 18, 2018.
             Was an Initiate of Ru.
             Slain by a sky beast (4 damage)
             ... on level 4 of the Dungeon.
             The game lasted 00:14:43 (5065 turns).

ryw the Insei (Octopode Transmuter)                 Turns: 5065, Time: 00:14:44

Health: -2/42      AC:  1    Str: 10    XL:     6   Next: 35%
Magic:  9/9        EV: 13    Int: 17    God:    Ru [......]
Gold:   102        SH:  0    Dex: 12    Spells: 6/9 levels left

rFire    . . .     SeeInvis .     - Unarmed
rCold    . . .     Gourm    .   (no shield)
rNeg     . . .     Faith    .   (helmet restricted)
rPois    .         Spirit   .   (no amulet)
rElec    .         Reflect  .   (no ring)
rCorr    .         Harm     .   (no ring)
MR       .....                  (no ring)
Stlth    ++........             (no ring)
HPRegen  0.14/turn              (no ring)
MPRegen  0.11/turn              (no ring)
                                (no ring)
                                (no ring)

@: no status effects
A: almost no armour, stealthy swim, amphibious, 8 rings, constrict 8, camouflage
1, gelatinous body 1
a: Renounce Religion


You were on level 4 of the Dungeon.
You worshipped Ru.
Ru was noncommittal.
You were hungry.

You visited 2 branches of the dungeon, and saw 6 of its levels.

You collected 102 gold pieces.

Inventory:

Missiles
 a - 15 arrows
 d - 248 stones (quivered)
 h - 5 tomahawks
Wands
 u - a wand of paralysis (16)
   (You found it on level 4 of the Dungeon)
Scrolls
 b - 3 scrolls of identify {@r1}
 c - a scroll of remove curse {@r2}
 f - a scroll of magic mapping {unknown}
 g - a scroll of fear {unknown}
 l - a scroll of enchant armour {unknown}
Potions
 j - a potion of curing {unknown}
 k - a potion of heal wounds {unknown}
Comestibles
 e - 7 rations
 m - a chunk of flesh


   Skills:
 - Level 3.3 Fighting
 - Level 2.0 Dodging
 - Level 6.0 Unarmed Combat
 - Level 2.0 Spellcasting
 + Level 2.0 Transmutations


You had 6 spell levels left.
You knew the following spells:

 Your Spells              Type           Power        Failure   Level  Hunger
a - Beastly Appendage     Tmut           #.....       9%          1    #......
b - Sticks to Snakes      Tmut           #.......     13%         2    ###....


Dungeon Overview and Level Annotations

Branches:
Dungeon (5/15)             Temple (1/1) D:5

Altars:
Cheibriados
Dithmenos
Fedhas
Gozag
Makhleb
Nemelex Xobeh
Okawaru
Qazlal
Ru
Sif Muna
Trog
Uskayaw
Vehumet
Wu Jian
Xom
Yredelemnul
Zin
The Shining One

Shops:
D:5 (

Annotations:
D:3 Meejax's ghost, amateur DsMo


Innate Abilities, Weirdness & Mutations

You cannot wear most types of armour.
You are very stealthy in the water. (Stealth+)
You are amphibious.
You can wear up to eight rings at the same time.
You can use your tentacles to constrict eight enemies at once.
Your skin changes colour to match your surroundings (Stealth+).
Your rubbery body absorbs attacks. (AC +1, EV +1)


Message History

Your adder barely misses the orc.
You tentacle-slap the orc but do no damage.
You grab the orc.
You pierce the orc.
You squeeze the orc, but do no damage.
You constrict the orc, but do no damage.
The orc barely misses you. The orc misses your adder.
Your adder bites the orc but does no damage.
You tentacle-slap the orc but do no damage.
You pierce the orc, but do no damage.
You constrict the orc, but do no damage.
The orc hits you with a war axe. The orc hits your adder with a war axe!
Your adder bites the orc but does no damage.
You tentacle-slap the orc.
You kill the orc!
Your adder completely misses the sky beast.
You barely miss the sky beast.
Your adder bites the sky beast but does no damage.
The sky beast hits you. The sky beast shocks you.
You tentacle-slap the sky beast but do no damage.
Your adder misses the sky beast. The sky beast misses you.
You tentacle-slap the sky beast.
You pierce the sky beast.
Your adder barely misses the sky beast.
The sky beast barely misses you.
You closely miss the sky beast.
You pierce the sky beast.
Your adder bites the sky beast but does no damage.
Your adder bites the sky beast.
You bludgeon the sky beast! Your squeeze misses the sky beast.
The sky beast hits you. The sky beast shocks you.
* * * LOW HITPOINT WARNING * * *
Your adder misses the sky beast. You barely miss the sky beast.
You pierce the sky beast.
The sky beast hits you.
* * * LOW HITPOINT WARNING * * *
The sky beast shocks you.
* * * LOW HITPOINT WARNING * * *
Your adder closely misses the sky beast.
Your tentacle spike disappears.
Your adder barely misses the sky beast.
The sky beast flickers out of sight!
Deactivating autopickup; reactivate with Ctrl-A.
Your adder closely misses something.
You see here a plate armour.
There is a stone staircase leading up here.
Something hits you.
* * * LOW HITPOINT WARNING * * *
Something shocks you.
* * * LOW HITPOINT WARNING * * *
You climb upwards.
There is a stone staircase leading down here.
It was a potion of cancellation.
You feel magically purged. Something hits you.
You die...

..........## #..........##
...........# ##..........#
########...## #...........#
##...###..........##
##...##...........#
##...#............##
##..###...#.>......# # ##..##
##{###......## ## ##..##
#@#####....# .## ##..## #..#
##### ..####..## #..# ...#...##
#..## .......# #...###########
......## ##.........[...#
......# ####..............#
......######.........####....#
.............####...#######..##


There were no monsters in sight!

Vanquished Creatures
  A scorpion (D:4)
  A howler monkey (D:4)
  2 orc priests
  A hound (D:4)
  4 adders
  An ooze (D:3)
  A worm (D:2)
  2 dart slugs
  6 orcs
  A ball python (D:3)
  14 goblins
  4 hobgoblins
  2 jackals (D:3)
  A quokka (D:2)
  8 bats
  9 frilled lizards
  8 kobolds
  6 rats
  A spectral orc (D:3)
73 creatures vanquished.

Vanquished Creatures (collateral kills)
  3 adders
  A worm (D:3)
  5 orcs
  A giant cockroach (D:3)
10 creatures vanquished.

Grand Total: 83 creatures vanquished

Notes
Turn   | Place    | Note
-------+----------+-------------------------------------------
     0 | D:1      | ryw the Octopode Transmuter began the quest for the Orb.
     0 | D:1      | Reached XP level 1. HP: 13/13 MP: 3/3
   255 | D:1      | Reached XP level 2. HP: 18/18 MP: 3/5
   262 | D:1      | Learned a level 2 spell: Sticks to Snakes
   782 | D:2      | Reached skill level 4 in Unarmed Combat
   788 | D:2      | Reached XP level 3. HP: 9/23 MP: 2/6
  1370 | D:2      | Found a shimmering altar of Xom.
  1372 | D:2      | Found a bloodstained altar of Trog.
  1372 | D:2      | Found an ornate altar of the Wu Jian Council.
  1374 | D:2      | Found an iron altar of Okawaru.
  1374 | D:2      | Found a bloodstained altar of Trog.
  1374 | D:2      | Found a sparkling altar of Nemelex Xobeh.
  1909 | D:3      | Reached XP level 4. HP: 28/28 MP: 7/7
  2136 | D:3      | Reached skill level 5 in Unarmed Combat
  2492 | D:3      | Reached XP level 5. HP: 26/35 MP: 8/8
  2577 | D:3      | Noticed Meejax's ghost (amateur DsMo)
  3397 | D:3      | Found a basalt altar of Yredelemnul.
  3483 | D:3      | Found an ornate altar of the Wu Jian Council.
  4559 | D:4      | Reached XP level 6. HP: 31/42 MP: 5/9
  4771 | D:5      | Entered Level 5 of the Dungeon
  4783 | D:5      | Found a staircase to the Ecumenical Temple.
  4792 | Temple   | Entered the Ecumenical Temple
  4947 | Temple   | Became a worshipper of Ru the Awakened
  4991 | D:5      | Found Emanef's Weapon Emporium.
  5004 | D:5      | Noticed a sky beast
  5017 | D:5      | Reached skill level 6 in Unarmed Combat
  5058 | D:5      | HP: 1/42 [something (5)]
  5065 | D:4      | Slain by a sky beast

Vault maps used:
D:1:      minmay_arrival_four_houses
D:2:      fountainhead, doesnt_xom_only_xom
D:3:      yredelemnul_forgotten_temple_becter, lemuel_doored_altar,
          first_ration, kennysheep_generic_room_16
D:5:      nicolae_overflow_hidden_temple, evilmike_ruin_ashenzari,
          lemuel_temple_firewalk_b, serial_shops, shop_statue, shop, shop
Temple:   nicolae_temple_elliptical

Skill      XL: |  1  2  3  4  5  6 |
---------------+-------------------+-----
Unarmed Combat | 4 5 6 |  6.0
Fighting       | 2 3 |  3.3
Dodging        | |  2.0
Spellcasting   | |  2.0
Transmutations | |  2.0

Action                   |  1- 3 |  4- 6 || total
-------------------------+-------+-------++-------
Melee: Unarmed           |    85 |    81 ||   166
       Constrict         |    27 |    13 ||    40
       Kick              |    14 |    14 ||    28
       Tentacles         |    14 |    13 ||    27
       Punch             |     2 |     4 ||     6
Throw: Stone             |     1 |    10 ||    11
 Cast: Beastly Appendage |    28 |    14 ||    42
       Sticks to Snakes  |     2 |    31 ||    33
  Use: Scroll            |     1 |     1 ||     2
       Potion            |       |     1 ||     1
 Stab: Sleeping          |     3 |       ||     3
  Eat: Chunk             |     4 |     8 ||    12
       Ration            |       |     1 ||     1
Armor: Skin              |     8 |     7 ||    15
Dodge: Dodged            |    63 |    55 ||   118

Table legend:
 A = Spawn XP
 B = Non-spawn XP
 C = Spawn XP percentage of total XP
 D = Spawn monster count
 E = Non-spawn monster count
 F = Spawn count percentage of total count
 G = Total turns spent on level
                    A         B        C        D         E        F      G
               +---------+---------+-------+---------+---------+-------+---------
         Total |       0 |     426 |   0.0 |       0 |      83 |   0.0 |  5065
               +---------+---------+-------+---------+---------+-------+---------
           D:1 |       0 |      26 |   0.0 |       0 |      14 |   0.0 |   761
           D:2 |       0 |      48 |   0.0 |       0 |      25 |   0.0 |  1709
           D:3 |       0 |     127 |   0.0 |       0 |      34 |   0.0 |  1622
           D:4 |       0 |     188 |   0.0 |       0 |       6 |   0.0 |   685
           D:5 |       0 |      37 |   0.0 |       0 |       4 |   0.0 |   112
               +---------+---------+-------+---------+---------+-------+---------
